 Dungeon Crawl Stone Soup version 0.30-b1-2-g02819fbbbe (webtiles) character file.

Game seed: 12449037804239446536

111 Klosterheim the Poker (level 4, 0/27 (38) HPs)
             Began as a Gnoll Reaver on May 16, 2023.
             Slain by Ijyb
             ... wielding a +0 dagger
              (2 damage)
             ... on level 3 of the Dungeon.
             The game lasted 00:05:24 (2032 turns).

Klosterheim the Poker (Gnoll Reaver)                Turns: 2032, Time: 00:05:24

HP:   0/27 (38)     AC:  5    Str: 12    XL:     4   Next: 92%
MP:   11/11         EV: 11    Int: 14    God:
Gold: 195           SH:  0    Dex: 10    Spells: 12/13 levels left

rFire   . . .        a - +0 spear
rCold   . . .        (no shield)
rNeg    . . .        h - +0 ring mail
rPois   .            (no helmet)
rElec   .            c - scarf {+Inv}
rCorr   .            (no gloves)
SInv    .            (no boots)
Will    .....        (no amulet) Stlth
                     (no ring)
HPRegen 0.24/turn    (no ring)
MPRegen 0.12/turn

%: no passive effects
@: confused, very heavily drained
A: fangs 1, strong nose, distributed training
a: Evoke Invisibility


You were on level 3 of the Dungeon.
You visited 1 branch of the dungeon, and saw 3 of its levels.

You collected 195 gold pieces.

Inventory:

Hand Weapons
 a - a +0 spear (weapon)
Armour
 c - a scarf of invisibility (worn)
 g - a +0 cloak
 h - a +0 ring mail (worn)
Scrolls
 b - a scroll of identify {unknown}
 e - a scroll of vulnerability {unknown}
 i - a scroll of torment {unknown}
 j - a scroll of acquirement {unknown}
 m - 2 scrolls of magic mapping {unknown}
Potions
 d - 2 potions of curing {unknown}
 f - a potion of might {unknown}
 k - a potion of ambrosia {unknown}
 l - a potion of attraction {unknown}
 n - a potion of resistance {unknown}


   Skills:
 + Level 4.7 Fighting
 + Level 1.3 Short Blades
 + Level 1.3 Long Blades
 + Level 1.3 Axes
 + Level 1.3 Maces & Flails
 + Level 6.6 Polearms
 + Level 1.3 Staves
 + Level 1.3 Ranged Weapons
 + Level 1.3 Throwing
 + Level 1.3 Armour
 + Level 4.7 Dodging
 + Level 1.3 Stealth
 + Level 1.3 Shields
 + Level 1.3 Unarmed Combat
 + Level 5.1 Spellcasting
 + Level 5.5 Conjurations
 + Level 1.1 Hexes
 + Level 1.1 Summonings
 + Level 1.1 Necromancy
 + Level 1.1 Translocations
 + Level 1.1 Transmutations
 + Level 1.1 Fire Magic
 + Level 1.1 Ice Magic
 + Level 1.1 Air Magic
 + Level 1.1 Earth Magic
 + Level 1.1 Poison Magic
 + Level 1.5 Invocations
 + Level 1.3 Evocations


You had 12 spell levels left.
You knew the following spells:

 Your Spells              Type           Power      Damage    Failure   Level
a - Kiss of Death         Conj/Necr      48%        2d9       10%         1

Your spell library contained the following spells:

 Spells                   Type           Power      Damage    Failure   Level
 Momentum Strike          Conj/Tloc      24%        3d8       14%         2
 Hailstorm                Conj/Ice       12%        3d5       28%         3
 Lesser Beckoning         Tloc           12%        N/A       36%         2
 Gell's Gravitas          Tloc           6%         N/A       58%         3
 Teleport Other           Tloc           6%         N/A       58%         3


Dungeon Overview and Level Annotations

Branches:
Dungeon (3/15)

Altars:

Shops:
D:1 (

Annotations:
D:3 Ijyb


Innate Abilities, Weirdness & Mutations

You have very sharp teeth.
Your uncanny sense of smell can sniff out nearby items.
Your experience applies equally to all skills.


Message History

You closely miss the goblin. Your bite misses the goblin.
The goblin hits you but does no damage.
You hit the goblin but do no damage. You bite the goblin, but do no damage.
The goblin hits you but does no damage. The hobgoblin misses you.
You closely miss the goblin. The goblin hits you but does no damage.
The hobgoblin closely misses you.
You hit the goblin.
You kill the goblin!
Ijyb the Twisted Goblin comes into view.
She is wielding a +0 dagger and carrying a wand of charming (10).
The hobgoblin hits you.
Your magical contamination has completely faded away.
Items here: ! ))).
You hit the hobgoblin.
The hobgoblin is lightly wounded.
The hobgoblin barely misses you.
You hit the hobgoblin but do no damage.
The hobgoblin is lightly wounded.
The hobgoblin hits you but does no damage.
You hit the hobgoblin.
You kill the hobgoblin!
You see here a hobgoblin corpse.
Ijyb screams, "I dance on your bones!" Ijyb barely misses you.
You hit Ijyb but do no damage. You hit Ijyb but do no damage.
Ijyb hits you but does no damage.
You closely miss Ijyb. Your bite misses Ijyb.
Ijyb screams, "Me very upset!"
Ijyb zaps a wand.
Your will is overpowered!
You are confused.
Ijyb attacks as you move away! Ijyb hits you with a +0 dagger.
* * * LOW HITPOINT WARNING * * *
Ijyb zaps a wand.
Your will is overpowered!
You are more confused.
Ijyb hits you with a +0 dagger.
* * * LOW HITPOINT WARNING * * *
Ijyb attacks as you move away! Ijyb hits you with a +0 dagger.
* * * LOW HITPOINT WARNING * * *
Items here: ! ))).
You closely miss Ijyb. Ijyb hits you with a +0 dagger.
You die...

..## . ... #### ..
#.# ... ...#..###
#####.#
.......####†))).# #.
#........##### #.
##....†.....## # #.#
#.<...)......... #.
..###.#..g@†........
###.#
..#..#.......###...
......#.#.##.......#
..
......#.#.##.......#
.
.$<.....g..........#
.....#gg###.........
... #..# #..........
# #..# #..........
......).## ..


You could see Ijyb.

Vanquished Creatures
  Robin (D:3)
  2 adders (D:2)
  2 worms
  2 dart slugs
  2 orcs (D:3)
  2 ball pythons
  5 bats
  7 endoplasms
  3 giant cockroaches
  12 goblins
  8 hobgoblins
  3 jackals (D:1)
  5 kobolds (D:1)
  2 quokkas
  5 frilled lizards (D:1)
  3 rats
64 creatures vanquished.

Notes
Turn   | Place    | Note
-------+----------+-------------------------------------------
     0 | D:1      | Klosterheim the Gnoll Reaver began the quest for the Orb.
     0 | D:1      | Reached XP level 1. HP: 20/20 MP: 6/6
    77 | D:1      | Found Vuuchos's Weapon Emporium.
   100 | D:1      | Reached XP level 2. HP: 26/26 MP: 7/7
   436 | D:1      | Reached skill level 5 in Spellcasting
   436 | D:1      | Reached XP level 3. HP: 23/28 MP: 7/9
   571 | D:1      | Reached skill level 1 in Invocations
  1211 | D:2      | Reached skill level 1 in Short Blades
  1211 | D:2      | Reached skill level 1 in Long Blades
  1211 | D:2      | Reached skill level 1 in Axes
  1211 | D:2      | Reached skill level 1 in Maces & Flails
  1211 | D:2      | Reached skill level 1 in Staves
  1211 | D:2      | Reached skill level 1 in Ranged Weapons
  1211 | D:2      | Reached skill level 1 in Throwing
  1211 | D:2      | Reached skill level 1 in Armour
  1211 | D:2      | Reached skill level 1 in Stealth
  1211 | D:2      | Reached skill level 1 in Shields
  1211 | D:2      | Reached skill level 1 in Unarmed Combat
  1211 | D:2      | Reached skill level 1 in Evocations
  1244 | D:2      | Found a faded altar of an unknown god.
  1324 | D:2      | Reached XP level 4. HP: 30/38 MP: 11/11
  1880 | D:3      | Reached skill level 1 in Hexes
  1880 | D:3      | Reached skill level 1 in Summonings
  1880 | D:3      | Reached skill level 1 in Necromancy
  1880 | D:3      | Reached skill level 1 in Translocations
  1880 | D:3      | Reached skill level 1 in Transmutations
  1880 | D:3      | Reached skill level 1 in Fire Magic
  1880 | D:3      | Reached skill level 1 in Ice Magic
  1880 | D:3      | Reached skill level 1 in Air Magic
  1880 | D:3      | Reached skill level 1 in Earth Magic
  1880 | D:3      | Reached skill level 1 in Poison Magic
  1908 | D:3      | Noticed Robin
  1950 | D:3      | Killed Robin
  2018 | D:3      | Noticed Ijyb
  2031 | D:3      | HP: 1/27 [Ijyb/+0 dagger (2)]
  2032 | D:3      | Slain by Ijyb

Illustrated notes

Levels and vault maps discovered:
D:1:      dpeg_arrival_orchard, layout_basic, serial_shops, shop_coins,
          serial_rivers, chequers_serial_rivers_large_a,
          chequers_serial_rivers_room_a, chequers_serial_rivers_micro_e,
          chequers_serial_rivers_room_b, chequers_serial_rivers_micro_b,
          wander_ebering_terrifying_dragon_lair
D:2:      layout_rooms, serial_curves, eino_curves_04, eino_curves_03,
          eino_curves_03, eino_curves_01, basic_ecumenical_altar,
          kennysheep_generic_room_15
D:3:      layout_rooms, uniq_ijyb, uniq_robin

Skill      XL: |  1  2  3  4 |
---------------+-------------+-----
Spellcasting   | 5 |  5.1
Invocations    | 1 |  1.5
Short Blades   | 1 |  1.3
Long Blades    | 1 |  1.3
Axes           | 1 |  1.3
Maces & Flails | 1 |  1.3
Staves         | 1 |  1.3
Ranged Weapons | 1 |  1.3
Throwing       | 1 |  1.3
Armour         | 1 |  1.3
Stealth        | 1 |  1.3
Shields        | 1 |  1.3
Unarmed Combat | 1 |  1.3
Evocations     | 1 |  1.3
Hexes          | 1 |  1.1
Summonings     | 1 |  1.1
Necromancy     | 1 |  1.1
Translocations | 1 |  1.1
Transmutations | 1 |  1.1
Fire Magic     | 1 |  1.1
Ice Magic      | 1 |  1.1
Air Magic      | 1 |  1.1
Earth Magic    | 1 |  1.1
Poison Magic   | 1 |  1.1
Fighting       | |  4.7
Polearms       | |  6.6
Dodging        | |  4.7
Conjurations   | |  5.5

Action                     |  1- 3 |  4- 6 || total
---------------------------+-------+-------++-------
  Melee: Spear             |   190 |    92 ||   282
         Bite              |    15 |     5 ||    20
         Punch             |     2 |     1 ||     3
   Cast: Kiss of Death     |     1 |     2 ||     3
   Stab: Distracted        |     2 |       ||     2
         Sleeping          |     1 |       ||     1
 Armour: Leather armour    |    31 |       ||    31
         Ring mail         |     8 |    33 ||    41
  Dodge: Dodged            |    89 |    38 ||   127
